 Dungeon Crawl Stone Soup version 0.26-a0-660-gc07710193c (webtiles) character file.

Game seed: 15755259401431888345

5373 robertstho the Thaumaturge (level 10, -2/52 HPs)
             Began as a Deep Elf Ice Elementalist on Oct 7, 2020.
             Was a Believer of Sif Muna.
             Slain by an ogre
             ... wielding a +0 giant spiked club
              (17 damage)
             ... on level 9 of the Dungeon.
             The game lasted 00:22:17 (9398 turns).

robertstho the Thaumaturge (DEIE)                   Turns: 9398, Time: 00:22:18

Health: -2/52      AC:  9    Str: 11    XL:     10   Next: 39%
Magic:  6/28       EV: 15    Int: 24    God:    Sif Muna [**....]
Gold:   585        SH:  5    Dex: 23    Spells: 19/34 levels left

rFire    . . .     SeeInvis .   H - +1 demon trident (drain)
rCold    . . .     Faith    .   (no shield)
rNeg     . . .     Spirit   .   w - +2 robe {Archmagi}
rPois    .         Reflect  +   y - +0 helmet
rElec    .         Harm     .   (no cloak)
rCorr    .         Rampage  .   K - +1 pair of gloves of Fuxen {Dex+8}
MR       +....                  g - +1 pair of boots
Stlth    +++.......             C - amulet of reflection
HPRegen  0.17/turn              d - ring of wizardry
MPRegen  0.21/turn              p - +6 ring of strength

@: frozen ramparts, lightly drained
A: no striking features
a: Channel Magic, Renounce Religion


You were on level 9 of the Dungeon.
You worshipped Sif Muna.
Sif Muna was pleased with you.
You visited 2 branches of the dungeon, and saw 10 of its levels.

You collected 585 gold pieces.

Inventory:

Hand Weapons
 b - a +0 flail of protection
 f - a +0 spear
 h - a +1 short sword of speed
 r - the +3 flail of Gadammo {elec, MR+ Dex+4}
   (You found it on level 4 of the Dungeon)

   Occasionally, upon striking a foe, it will discharge some electrical energy
   and cause terrible harm.
   It affects your dexterity (+4).
   It affects your resistance to hostile enchantments.
 H - a +1 demon trident of draining (weapon)
Missiles
 j - 4 curare-tipped darts
 q - 20 poisoned darts (quivered)
Armour
 g - a +1 pair of boots (worn)
 w - a +2 robe of the Archmagi (worn)
 y - a +0 helmet (worn)
 E - a +1 robe of cold resistance
 K - the +1 pair of gloves of Fuxen (worn) {Dex+8}
   (You found it on level 8 of the Dungeon)

   It affects your dexterity (+8).
Magical Staves
 M - an uncursed staff of poison
Jewellery
 d - a ring of wizardry (left hand)
 p - a +6 ring of strength (right hand)
 u - an uncursed ring of flight
 A - a +4 ring of slaying {unknown}
 C - an amulet of reflection (around neck)
 I - the amulet "Inoemaah" {Spirit rC- Str+3 Int+8 Stlth+, unknown}
   (You found it on level 8 of the Dungeon)

   [amulet of guardian spirit]

   It causes incoming damage to be split between your health and magic.
   It affects your strength (+3).
   It affects your intelligence (+8).
   It makes you vulnerable to cold.
   It makes you more stealthy.
Wands
 i - a wand of flame (23)
 n - a wand of paralysis (4)
 N - a wand of iceblast (7)
Scrolls
 c - a scroll of fog
 e - 2 scrolls of enchant armour
 k - 2 scrolls of enchant weapon
 s - 4 scrolls of teleportation {unknown}
 t - 6 scrolls of remove curse {unknown}
 v - a scroll of acquirement {unknown}
 x - 3 scrolls of immolation {unknown}
 D - a scroll of random uselessness {unknown}
 F - a scroll of magic mapping {unknown}
 G - 3 scrolls of blinking {unknown}
 J - 2 scrolls of identify
 O - a scroll of noise {unknown}
 P - a scroll of fear
Potions
 a - 2 potions of heal wounds
 l - a potion of stabbing {unknown}
 m - 3 potions of haste {unknown}
 o - a potion of cancellation {unknown}
 z - a potion of might {unknown}
 B - a potion of invisibility {unknown}
 L - 2 potions of lignification {unknown}


   Skills:
 + Level 1.1(0.8) Fighting
 + Level 0.9(0.5) Short Blades
 + Level 1.6(1.3) Maces & Flails
 + Level 0.3(0.0) Polearms
 + Level 4.2(3.8) Dodging
 + Level 4.7(4.3) Stealth
 * Level 12.6(12.1) Spellcasting
 + Level 3.0(2.7) Summonings
 * Level 11.3(10.8) Ice Magic
 * Level 3.7(3.3) Invocations


You had 19 spell levels left.
You knew the following spells:

 Your Spells              Type           Power        Failure   Level
a - Freeze                Ice            ####         1%          1
b - Frozen Ramparts       Ice            ######       1%          3
c - Ozocubu's Armour      Ice            #######.     1%          3
d - Hailstorm             Conj/Ice       ######..     1%          4
e - Summon Ice Beast      Ice/Summ       ######..     1%          4

Your spell library contained the following spells:

 Spells                   Type           Power        Failure   Level
 Summon Small Mammal      Summ           ####         1%          1
 Call Imp                 Summ           #####...     1%          2
 Call Canine Familiar     Summ           #####...     1%          3
 Summon Guardian Golem    Hex/Summ       ####....     3%          3
 Confusing Touch          Hex            ###.....     5%          3
 Gell's Gravitas          Tloc           ###.......   5%          3
 Metabolic Englaciation   Hex/Ice        ######....   5%          5
 Summon Lightning Spire   Summ/Air       ####....     10%         4
 Petrify                  Tmut/Erth      ###.....     16%         4
 Yara's Violent Unravell  Hex/Tmut       ###.......   41%         5


Dungeon Overview and Level Annotations

Branches:
Dungeon (9/15)             Temple (1/1) D:6            Lair (0/6) D:8
    Orc: D:9-12

Altars:
Ashenzari
Cheibriados
Dithmenos
Elyvilon
Fedhas
Gozag
Hepliaklqana
Kikubaaqudgha
Makhleb
Ru
Sif Muna
Trog
Vehumet
Wu Jian
Xom
Yredelemnul
Zin
The Shining One

Annotations:
D:5 3 runed translucent doors, neoxian's ghost, amateur GnDe
D:8 3 runed translucent doors, sahdkjhfkaj's ghost, novice NaAE


Message History

Your ice beast closely misses the wight.
Your ice beast hits the yak.
Your ice beast freezes the yak!!
You swap places.
Your icy armour cracks and falls away as you move.
The wall freezes the yak.
The yak gores you.
* * * LOW HITPOINT WARNING * * *
The yak barely misses your ice beast.
The wight hits your ice beast with a +1 flail.
Your ice beast hits the wight.
Your ice beast freezes the wight.
The wight resists.
The wight is destroyed!
Sif Muna accepts your kill.
Your ice beast hits the yak.
Your ice beast freezes the yak!
The yak dies!
Sif Muna accepts your kill.
You see here a black bear corpse.
Your ice beast hits the ogre.
Your ice beast freezes the ogre!
The wall freezes the ogre!
The ogre hits you with a +0 giant spiked club!
You die...

...# #####.##....#..
....#####..#..#..# ....
#...#...........##....
.#...........##.##..#..
..........####..#......
##.......####........
##..†Y....#.........
..####.#OY....#.........
.......@#)).............
.......†#†..............
.......g.........###....
.......#...............#
...........##.....##....
............##...(......
.......#.....#..........
......##...........<....
.... #................


You could see an ogre, a gnoll and 2 friendly ice beasts.

Vanquished Creatures
  Pikel (D:5)
  Prince Ribbit (D:6)
  2 hornets (D:8)
  Sigmund (D:5)
  3 sky beasts
  A black bear (D:9)
  2 ogres
  4 lemures (D:5)
  3 centaurs
  A big kobold (D:6)
  3 bullfrogs
  2 scorpions (D:8)
  2 wights
  A howler monkey (D:6)
  A bullfrog zombie (D:5)
  A crimson imp (D:6)
  A quasit (D:8)
  4 hounds
  A centaur zombie (D:8)
  4 orc priests
  A centaur skeleton (D:8)
  4 jellies
  Jessica (D:2)
  Terence (D:3)
  3 orc wizards
  Ijyb (D:3)
  4 iguanas
  4 worker ants
  A killer bee zombie (D:7)
  A worker ant zombie (D:7)
  Robin (D:2)
  8 adders
  5 gnolls
  3 ufetubi
  An ooze (D:2)
  2 adder skeletons
  A worm (D:4)
  2 dart slugs
  3 leopard geckos
  28 orcs
  12 bats
  5 giant cockroaches
  15 goblins
  7 hobgoblins
  14 jackals
  5 quokkas
  2 ball pythons
  7 frilled lizards
  A goblin skeleton (D:6)
  2 hobgoblin zombies (D:6)
  17 kobolds
  2 kobold skeletons (D:6)
  A leopard gecko skeleton (D:5)
  An orc skeleton (D:6)
  An orc zombie (D:6)
  5 rats
211 creatures vanquished.

Vanquished Creatures (collateral kills)
  A skeletal warrior (D:8)
  2 yaks (D:9)
  A black bear (D:7)
  An ice beast (D:7)
  5 ogres
  A phantom (D:8)
  A centaur (D:7)
  A big kobold (D:7)
  Blork the orc (D:6)
  3 bullfrogs
  2 scorpions (D:8)
  6 wights
  A howler monkey (D:7)
  An orc priest (D:6)
  A centaur skeleton (D:8)
  3 orc wizards
  A worker ant (D:6)
  A hound zombie (D:8)
  3 gnolls
  A white imp (D:8)
  An ufetubus (D:7)
  An orc (D:4)
  A jackal (D:6)
  4 kobolds (D:7)
  A hobgoblin zombie (D:6)
  A kobold skeleton (D:6)
46 creatures vanquished.

Vanquished Creatures (others)
  2 plants (D:2)
2 creatures vanquished.

Grand Total: 259 creatures vanquished

Notes
Turn   | Place    | Note
-------+----------+-------------------------------------------
     0 | D:1      | robertstho the Deep Elf Ice Elementalist began the quest
                  | for the Orb.
     0 | D:1      | Reached XP level 1. HP: 10/10 MP: 6/6
   345 | D:1      | Reached XP level 2. HP: 15/15 MP: 5/8
   743 | D:1      | Reached skill level 5 in Ice Magic
   969 | D:2      | Noticed Jessica
  1113 | D:2      | Found a glowing silver altar of Zin.
  1147 | D:2      | Reached XP level 3. HP: 19/19 MP: 8/10
  1351 | D:2      | Noticed Robin
  1353 | D:2      | Found a blossoming altar of Fedhas.
  1365 | D:2      | Reached skill level 4 in Spellcasting
  1367 | D:2      | Killed Robin
  1367 | D:2      | Reached XP level 4. HP: 11/24 MP: 2/12
  1420 | D:1      | Learned a level 3 spell: Frozen Ramparts
  1424 | D:1      | Learned a level 3 spell: Ozocubu's Armour
  1429 | D:1      | Learned a level 4 spell: Hailstorm
  1971 | D:2      | Killed Jessica
  2466 | D:3      | Noticed Ijyb
  2467 | D:3      | Paralysed by Ijyb for 7 turns
  2477 | D:3      | Killed Ijyb
  2477 | D:3      | Reached XP level 5. HP: 25/28 MP: 10/14
  2520 | D:3      | Reached skill level 5 in Spellcasting
  2624 | D:3      | Found a sacrificial altar of Ru.
  2652 | D:3      | Noticed Terence
  2662 | D:3      | Killed Terence
  3114 | D:3      | Found a faded altar of an unknown god.
  3327 | D:4      | Found a broken altar of Ashenzari.
  3371 | D:4      | Noticed an ogre
  3389 | D:4      | Found a bloodstained altar of Trog.
  3389 | D:4      | Found an ornate altar of the Wu Jian Council.
  3398 | D:4      | Killed an ogre
  3398 | D:4      | Reached XP level 6. HP: 6/32 MP: 11/16
  3407 | D:4      | Learned a level 4 spell: Summon Ice Beast
  3500 | D:4      | Reached skill level 6 in Spellcasting
  3738 | D:4      | Got a smoking flail
  3738 | D:4      | Identified the +3 flail of Gadammo {elec, MR+ Dex+4} (You
                  | found it on level 4 of the Dungeon)
  3855 | D:4      | Reached XP level 7. HP: 36/36 MP: 11/18
  4177 | D:4      | Reached skill level 7 in Spellcasting
  4304 | D:5      | Entered Level 5 of the Dungeon
  4308 | D:5      | Noticed Sigmund
  4557 | D:5      | Killed Sigmund
  4557 | D:5      | Reached skill level 1 in Summonings
  4807 | D:5      | Reached skill level 8 in Spellcasting
  4807 | D:5      | Reached XP level 8. HP: 36/41 MP: 22/22
  5076 | D:5      | Found a runed translucent gate.
  5076 | D:5      | Found an opulent altar of Gozag.
  5076 | D:5      | Found a runed translucent gate.
  5077 | D:5      | Found a runed translucent gate.
  5081 | D:5      | Noticed neoxian's ghost (amateur GnDe)
  5293 | D:5      | Noticed Pikel
  5301 | D:5      | Killed Pikel
  5301 | D:5      | Reached skill level 9 in Spellcasting
  6174 | D:6      | Found a glowing golden altar of the Shining One.
  6222 | D:6      | Reached skill level 10 in Spellcasting
  6230 | D:6      | Reached XP level 9. HP: 46/46 MP: 18/25
  6242 | D:6      | Reached skill level 1 in Fighting
  6242 | D:6      | Reached skill level 1 in Maces & Flails
  6411 | D:6      | Found a radiant altar of Vehumet.
  6547 | D:6      | Noticed Blork the orc
  6548 | D:6      | Found a burning altar of Makhleb.
  6557 | D:6      | Killed Blork the orc
  6631 | D:6      | Noticed Prince Ribbit
  6634 | D:6      | Found a staircase to the Ecumenical Temple.
  6640 | D:6      | Killed Prince Ribbit
  6650 | Temple   | Entered the Ecumenical Temple
  6728 | Temple   | Became a worshipper of Sif Muna the Loreminder
  6764 | D:6      | Reached skill level 1 in Invocations
  7284 | D:7      | Reached skill level 11 in Spellcasting
  7421 | D:7      | Reached skill level 10 in Ice Magic
  7769 | D:7      | Reached * piety under Sif Muna
  8295 | D:8      | Found a staircase to the Lair.
  8351 | D:8      | Reached XP level 10. HP: 52/52 MP: 11/27
  8351 | D:8      | Noticed a skeletal warrior
  8387 | D:8      | Killed a skeletal warrior
  8387 | D:8      | Reached skill level 12 in Spellcasting
  8412 | D:8      | Got a scorched jade amulet
  8418 | D:8      | Got a pair of twisted gloves
  8423 | D:8      | Identified the +1 pair of gloves of Fuxen {Dex+8} (You
                  | found it on level 8 of the Dungeon)
  8642 | D:8      | Found an opulent altar of Gozag.
  8713 | D:8      | Reached ** piety under Sif Muna
  9051 | D:8      | Found a runed translucent gate.
  9051 | D:8      | Found a runed translucent gate.
  9052 | D:8      | Found a runed translucent gate.
  9052 | D:8      | Found an opulent altar of Gozag.
  9055 | D:8      | Noticed a fire dragon
  9055 | D:8      | Noticed sahdkjhfkaj's ghost (novice NaAE)
  9398 | D:9      | Slain by an ogre

Illustrated notes

Levels and vault maps discovered:
D:1:      dpeg_arrival_pits, layout_basic
D:2:      minmay_alternating_diamond, layout_rooms, zin_academy,
          minmay_hedge_maze, fedhas_altar_1, uniq_robin, uniq_jessica
D:3:      layout_basic, overflow_temple_1_default,
          chequers_ecumenical_altar_twisty, uniq_terence, uniq_ijyb
D:4:      minmay_bubble_buster, layout_rooms, ashenzari_conservatory_becter,
          gammafunk_temple_overflow_pools
D:5:      layout_loops_ring, ebering_ghost_gozag, kennysheep_big_empty_room,
          chequers_jeans, uniq_pikel, uniq_sigmund
D:6:      layout_loops_ring, vehumet_altar_wand_db,
          nicolae_tso_besieged_by_evil, lemuel_coloured_pillars_altar,
          minmay_temple_entry_trees, lightli_orcish_oven, uniq_blork_the_orc,
          uniq_prince_ribbit1
D:7:      layout_basic
D:8:      minmay_bloctagon, layout_loops_ring, nicolae_gozag_seed_capital,
          lair_entry_dummy, ebering_ghost_gozag
D:9:      layout_cave_pools, gammafunk_temple_overflow_arena,
          kennysheep_orc_monster_closet_entryway, uniq_grum
Temple:   nicolae_temple_x_marks_the_god

Skill      XL: |  1  2  3  4  5  6  7  8  9 10 |
---------------+-------------------------------+-----
Ice Magic      | 5 6 7 8 9 10 11 | 11.3
Stealth        | 3 4 |  4.7
Spellcasting   | 4 5 6 8 10 11 12 | 12.6
Dodging        | 3 4 |  4.2
Summonings     | 1 2 3 |  3.0
Fighting       | 1 |  1.1
Maces & Flails | 1 |  1.6
Invocations    | 3 |  3.7
Short Blades   | |  0.9
Polearms       | |  0.3

Action                   |  1- 3 |  4- 6 |  7- 9 | 10-12 || total
-------------------------+-------+-------+-------+-------++-------
Melee: Unarmed           |    12 |       |       |       ||    12
       Spear             |    31 |     4 |       |       ||    35
       Short sword       |       |    24 |       |       ||    24
       Flail             |       |     6 |    72 |     2 ||    80
       Demon trident     |       |       |       |    15 ||    15
 Cast: Freeze            |    44 |    11 |     6 |       ||    61
       Frozen Ramparts   |       |    24 |    46 |    10 ||    80
       Summon Ice Beast  |       |     1 |    33 |    16 ||    50
       Ozocubu's Armour  |       |       |       |     1 ||     1
Invok: Channel Magic     |       |       |       |     2 ||     2
  Use: Scroll            |       |     5 |     1 |       ||     6
       Potion            |       |     3 |     1 |     1 ||     5
 Stab: Sleeping          |     5 |     4 |     2 |       ||    11
       Distracted        |       |       |     2 |       ||     2
Armor: Robe              |    10 |    21 |    35 |     8 ||    74
Dodge: Dodged            |    62 |    40 |    97 |    14 ||   213
Block: Other             |       |       |    16 |     6 ||    22
       Reflection        |       |       |     2 |       ||     2

Table legend: (Time is in decaauts)
 A = Elapsed time spent in this place.
 B = Non-inter-level travel time spent in this place.
 C = Inter-level travel time spent in this place.
 D = Time resting spent in this place.
 E = Time spent auto-exploring this place.
 F = Levels seen in this place.
 G = Mean time per level.
                   A        B        C        D        E       F      G
               +--------+--------+--------+--------+--------+-----+--------+
         Total |   9434 |   9117 |    317 |    591 |   6764 |  10 |  943.4 |
       Dungeon |   9352 |   9039 |    313 |    591 |   6690 |   9 | 1039.1 |
        Temple |     82 |     78 |      4 |      0 |     74 |   1 |   82.0 |
               +--------+--------+--------+--------+--------+-----+--------+

Top non-repeatable levels by time:
     D:1: 1438 daAuts
     D:5: 1353 daAuts
     D:6: 1311 daAuts
     D:4: 1278 daAuts
     D:8: 1128 daAuts
     D:7: 994 daAuts
     D:2: 948 daAuts
     D:3: 841 daAuts
  Temple: 82 daAuts
     D:9: 56 daAuts
